AoeStats
← Funky-Kong

Arabia

507681417Analyzed
1v1 RM · 15d ago on Sep 19, 2026· 46m 52s· 2 players
Game mode
Random Map
Map size
Tiny (2 player)
Population
200
Speed
Normal
Resources
Standard
Victory
Conquest
Starting age
Dark Age
Ending age
Imperial Age
RankedLock teamsTeams togetherTeam positionsShared explorationLock speedFull tech treeHidden civsTurbo modeCheats
Victory
Defeat
🇨🇭 Italians · Switzerland
1546
+22
🇩🇪 Koreans · Germany
1690
-22
Exmatrikulatoribus Maximus
6:50 Loom
9:15 Feudal Age
9:37 Man-at-Arms
13:47 Double-Bit Axe
19:47 Castle Age
17:44 Horse Collar
18:23 Fletching
19:17 Gold Mining
20:27 Bodkin Arrow
19:53 Crossbowman
23:51 Wheelbarrow
23:02 Town Watch
24:39 Bow Saw
28:56 Ballistics
36:10 Imperial Age
34:41 Padded Archer Armor
35:33 Thumb Ring
36:11 Elite Skirmisher
37:54 Chemistry
37:03 Bracer
37:57 Hand Cart
39:15 Leather Archer Armor
43:31 Ring Archer Armor
43:36 Town Patrol
44:10 Arbalester
46:54 Hoardings
46:39 Conscription
Funky-Kong
6:28 Loom
9:13 Feudal Age
10:49 Double-Bit Axe
11:20 Horse Collar
15:05 Fletching
21:37 Castle Age
19:59 Gold Mining
21:39 Crossbowman
22:17 Bodkin Arrow
25:55 Stone Mining
28:17 Ballistics
28:46 Town Watch
39:26 Imperial Age
38:06 Wheelbarrow
38:05 Bow Saw
38:35 Heavy Plow
39:31 Gold Shaft Mining
39:40 Hand Cart
40:16 Stone Shaft Mining
41:32 Chemistry
41:06 Bracer
42:06 Thumb Ring
41:58 Arbalester
47:28 Scale Barding Armor
Connection lost

Rejoining the realm…

Still unreachable

The connection could not be restored.

Session expired

The server has moved on; the page needs a fresh start.